 Dungeon Crawl Stone Soup version 0.30.0-20-g3615ddf2f0 (webtiles) character file.

Game seed: 854421550159500555

933 qw the Chopper (level 8, -2/50 HPs)
             Began as a Gargoyle Fighter on June 1, 2023.
             Was an Initiate of Okawaru.
             Slain by Duvessa
             ... wielding a +1 short sword of venom
              (8 damage)
             ... on level 4 of the Dungeon.
             The game lasted 00:02:32 (4101 turns).

qw the Chopper (Gargoyle Fighter)                   Turns: 4101, Time: 00:02:33

Health: -2/50      AC: 14    Str: 24    XL:     8   Next: 11%
Magic:  8/8        EV:  8    Int: 11    God:    Okawaru [......]
Gold:   217        SH:  4    Dex: 11    Spells: 7/7 levels left

rFire   . . .        Y - +3 war axe
rCold   . . .        c - +0 buckler
rNeg    + . .        g - +0 chain mail
rPois   inf          (no helmet)
rElec   +            (no cloak)
rCorr   .            (no gloves)
SInv    .            (no boots)
Will    .....        (no amulet) Stlth
                     (no ring)
HPRegen 0.28/turn    (no ring)
MPRegen 0.11/turn

%: no passive effects
@: lit by a corona, glowing
A: sickness immunity, AC +5, negative energy resistance 1, electricity
resistance, torment resistance 1, petrification resistance, agile 1, clever 1,
strong 1, MP-powered wands
a: Renounce Religion


You were on level 4 of the Dungeon.
You worshipped Okawaru.
Okawaru was noncommittal.
You visited 1 branch of the dungeon, and saw 6 of its levels.
You also visited: Ossuary.

You collected 217 gold pieces.


Innate Abilities, Weirdness & Mutations

You are immune to sickness and miasma.
Your stone body is resilient. (AC +5)
You are immune to poison.
You resist negative energy. (rN+)
You are resistant to electric shocks. (rElec)
You are resistant to unholy torment.
You are immune to petrification.
You are agile. (Dex +4, Str/Int -1)
Your mind is acute. (Int +4, Str/Dex -1)
Your muscles are strong. (Str +4, Int/Dex -1)
You expend magic power (3 MP) to strengthen your wands.


   Skills:
 - Level 5.4 Fighting
 + Level 7.5 Axes
 - Level 3.2 Armour
 - Level 1.0 Dodging
 - Level 3.2 Shields


You had 7 spell levels left.
You didn't know any spells.
Your spell library was empty.

Inventory:

Hand Weapons
 e - a +0 whip
 Y - a +3 war axe (weapon)
Armour
 c - a +0 buckler (worn)
 g - a +0 chain mail (worn)
Scrolls
 a - a scroll of identify
Potions
 b - a potion of ambrosia {unknown}
 d - 2 potions of might
 f - a potion of curing
 i - a potion of berserk rage {unknown}
 k - 3 potions of lignification {unknown}
 l - a potion of heal wounds {unknown}
 n - a potion of resistance
 q - a potion of cancellation {unknown}

Dungeon Overview and Level Annotations

Branches:
Dungeon (6/15)            Ossuary (visited)
 Temple: D:4-7

Altars:
Gozag
Okawaru
Trog
Yredelemnul

Shops:
D:6 !

Annotations:
D:4 3 runed translucent doors, exclusion: 2 scorpions, Duvessa; qw's ghost, novice GrFi


Message History

You kill Dowan!
Okawaru accepts your kill.
Duvessa screams, "No!
How DARE you!"
Duvessa goes berserk!
You hit Duvessa.
Duvessa hits you with a +1 short sword of venom!
You hit Duvessa.
Duvessa is heavily wounded.
Duvessa hits you with a +1 short sword of venom.
Duvessa closely misses you.
You barely miss Duvessa.
Duvessa is heavily wounded.
Duvessa completely misses you.
Duvessa hits you with a +1 short sword of venom.
You barely miss Duvessa.
Duvessa is heavily wounded.
Duvessa hits you with a +1 short sword of venom.
You block Duvessa's attack.
You slash Duvessa!
Duvessa is severely wounded.
Duvessa closely misses you.
You slash Duvessa!
Duvessa is almost dead.
Duvessa hits you with a +1 short sword of venom!
Duvessa barely misses you.
You hit Duvessa but do no damage.
Duvessa is almost dead.
You block Duvessa's attack. Duvessa completely misses you.
You hit Duvessa but do no damage.
Duvessa is almost dead.
Duvessa hits you but does no damage.
You hit Duvessa.
Duvessa is almost dead.
Duvessa completely misses you. Duvessa barely misses you.
You completely miss Duvessa.
Duvessa is almost dead.
Duvessa closely misses you. Duvessa hits you but does no damage.
You barely miss Duvessa.
Duvessa is almost dead.
Duvessa hits you with a +1 short sword of venom! x2
You die...

######### ........#
........#########
................# ######
................# #.....
.......e........###.....
......)@................
#.######........###.....
............# #.....
###.######### #..... #.
. #..... #. #.#..... #.
#.#..... #. #.....#.
#..)....


You could see Duvessa (berserk).

Vanquished Creatures
  An elf zombie (Ossuary)
  2 phantoms (D:4)
  2 scorpions (D:4)
  Dowan (D:4)
  A howler monkey (D:4)
  2 centaur zombies (Ossuary)
  An orc priest (D:5)
  3 human zombies (Ossuary)
  An iguana (D:4)
  An orc wizard (D:5)
  A scorpion zombie (D:3)
  A hound zombie (Ossuary)
  4 mummies
  4 adders
  An ufetubus (D:4)
  9 adder zombies
  A worm (D:3)
  4 dart slugs
  5 orcs
  5 ball pythons
  7 bats
  6 endoplasms
  5 giant cockroaches
  3 goblins
  4 hobgoblins
  3 jackals (D:1)
  7 quokkas
  A ball python zombie (D:3)
  4 frilled lizards
  A gnoll zombie (Ossuary)
  5 goblin zombies (Ossuary)
  4 hobgoblin zombies (Ossuary)
  3 jackal zombies (Ossuary)
  4 kobolds
  2 kobold zombies (Ossuary)
  An orc zombie (Ossuary)
  3 quokka zombies (Ossuary)
  4 rats
  2 rat zombies (Ossuary)
119 creatures vanquished.

Notes
Turn   | Place    | Note
-------+----------+-------------------------------------------
     0 | D:1      | qw the Gargoyle Fighter began the quest for the Orb.
     0 | D:1      | Reached XP level 1. HP: 14/14 MP: 1/1
     0 | D:1      | 0 ||| qw: Version: 0.2-a-102-gdf20003
     0 | D:1      | 0 ||| qw: Game counter: 682
     0 | D:1      | 0 ||| qw: Always use a shield: true
     0 | D:1      | 0 ||| qw: God list: Okawaru
     0 | D:1      | 0 ||| qw: Allow faded altars: false
     0 | D:1      | 0 ||| qw: Do Orc after D:15 true
     0 | D:1      | 0 ||| qw: Do second Lair branch before Depths: true
     0 | D:1      | 0 ||| qw: Lair rune preference: random
     0 | D:1      | 0 ||| qw: Plans: Normal, Zot:1-4, Slime:5, God:TSO, Crypt,
                  | Tomb, Pan, Hells, Abyss, Win
     0 | D:1      | 0 ||| PLANNING D:1-11
   131 | D:1      | Reached skill level 2 in Axes
   260 | D:1      | Reached XP level 2. HP: 19/19 MP: 2/2
   331 | D:1      | 331 ||| Stepping ~*~*~tactically~*~*~ (hiding).
   650 | D:1      | 650 ||| Stepping ~*~*~tactically~*~*~ (stealth).
   658 | D:1      | Reached skill level 3 in Axes
   664 | D:1      | Reached XP level 3. HP: 23/23 MP: 3/3
   992 | D:1      | 992 ||| UPGRADING to amulet of guardian spirit.
   997 | D:1      | 997 ||| READING 2 scrolls labelled SUSCHI FEDDOMIULA.
  1023 | D:2      | 1023 ||| Stepping ~*~*~tactically~*~*~ (stealth).
  1024 | D:2      | 1024 ||| Stepping ~*~*~tactically~*~*~ (stealth).
  1165 | D:2      | 1165 ||| Stepping ~*~*~tactically~*~*~ (hiding).
  1277 | D:2      | Reached XP level 4. HP: 28/28 MP: 4/4
  1531 | D:2      | 1531 ||| Stepping ~*~*~tactically~*~*~ (hiding).
  1789 | D:2      | 1789 ||| READING scroll labelled JIECLO RUMU.
  1790 | D:2      | 1790 ||| READING 2 scrolls of identify.
  1790 | D:2      | 1790 ||| IDENTIFYING metallic emerald potion
  1791 | D:2      | 1791 ||| DROPPING potion of degeneration.
  1849 | D:3      | Reached skill level 4 in Axes
  2263 | D:3      | Reached XP level 5. HP: 32/32 MP: 5/5
  2283 | D:3      | 2283 ||| Stepping ~*~*~tactically~*~*~ (hiding).
  2498 | D:3      | Found a basalt altar of Yredelemnul.
  2511 | D:3      | 2511 ||| Stepping ~*~*~tactically~*~*~ (hiding).
  2826 | D:3      | 2826 ||| READING scroll labelled WOINAO VIKHY.
  2827 | D:3      | 2827 ||| READING 2 scrolls labelled FEPNEOCRAQ.
  2828 | D:3      | 2828 ||| READING scroll labelled AMA ZOCARECHAK.
  2829 | D:3      | 2829 ||| READING scroll labelled HAMALO XU QOA.
  2832 | D:3      | 2832 ||| DRINKING 2 metallic brown potions.
  2833 | D:3      | 2833 ||| DRINKING 2 coppery potions.
  2834 | D:3      | 2834 ||| DROPPING potion of brilliance.
  2835 | D:3      | 2835 ||| DROPPING scroll of immolation.
  2850 | D:4      | 2850 ||| PLANNING OSSUARY
  2861 | D:4      | Found an opulent altar of Gozag.
  2862 | D:4      | Noticed a phantom
  2869 | D:4      | Noticed a phantom
  2887 | D:4      | Killed a phantom
  2888 | D:4      | Reached skill level 5 in Axes
  2889 | D:4      | Reached XP level 6. HP: 20/38 MP: 3/6
  3044 | D:4      | Found a bloodstained altar of Trog.
  3081 | D:4      | Found a runed translucent gate.
  3081 | D:4      | Found a runed translucent gate.
  3081 | D:4      | Found a runed translucent gate.
  3082 | D:4      | Noticed qw's ghost (novice GrFi)
  3122 | D:4      | You fall into a shaft and drop 2 floors!
  3127 | D:6      | Found Rupsen's Distillery.
  3133 | D:6      | 3133 ||| READING scroll labelled COKHAM GOUKH.
  3134 | D:6      | 3134 ||| DRINKING 2 puce potions.
  3134 | D:6      | Gained mutation: You occasionally lose the ability to drink
                  | potions when taking damage. [potion of mutation]
  3134 | D:6      | Gained mutation: You are agile. (Dex +4, Str/Int -1)
                  | [potion of mutation]
  3134 | D:6      | Gained mutation: You possess an exceptional clarity of
                  | mind. [potion of mutation]
  3134 | D:6      | Gained mutation: Your muscles are strong. (Str +4, Int/Dex
                  | -1) [potion of mutation]
  3135 | D:6      | 3135 ||| DRINKING potion of mutation.
  3135 | D:6      | Lost mutation: You occasionally lose the ability to drink
                  | potions when taking damage. [potion of mutation]
  3135 | D:6      | Lost mutation: You possess an exceptional clarity of mind.
                  | [potion of mutation]
  3135 | D:6      | Gained mutation: You expend magic power (3 MP) to
                  | strengthen your wands. [potion of mutation]
  3135 | D:6      | Gained mutation: Your mind is acute. (Int +4, Str/Dex -1)
                  | [potion of mutation]
  3145 | D:5      | Entered Level 5 of the Dungeon
  3158 | D:5      | Reached skill level 1 in Dodging
  3242 | D:5      | 3242 ||| UPGRADING to +0 chain mail.
  3252 | D:5      | 3252 ||| DROPPING +0 scale mail.
  3274 | D:4      | 3274 ||| Stepping ~*~*~tactically~*~*~ (stealth).
  3290 | D:4      | Reached skill level 6 in Axes
  3290 | D:4      | Reached XP level 7. HP: 39/44 MP: 5/7
  3326 | D:4      | Found a sand-covered staircase.
  3342 | Ossuary  | Entered an ossuary
  3652 | Ossuary  | Reached skill level 7 in Axes
  3827 | Ossuary  | 3827 ||| READING scroll labelled COGGOJ LIPPOEJ.
  3828 | Ossuary  | 3828 ||| READING 3 scrolls labelled IHUBEU XIOZEMN.
  3829 | Ossuary  | 3829 ||| READING 2 scrolls of enchant weapon.
  3829 | Ossuary  | 3829 ||| ENCHANTING +1 war axe.
  3830 | Ossuary  | 3830 ||| READING scroll of enchant weapon.
  3830 | Ossuary  | 3830 ||| ENCHANTING +2 war axe.
  3831 | Ossuary  | 3831 ||| DRINKING 2 yellow potions.
  3835 | D:4      | 3835 ||| PLANNING SEWER
  3875 | D:6      | 3875 ||| RIP SEWER
  3876 | D:6      | 3876 ||| PLANNING D:1-11
  3932 | D:4      | Found an iron altar of Okawaru.
  3933 | D:4      | 3933 ||| PLANNING OKAWARU WORSHIP
  3940 | D:4      | Became a worshipper of Warmaster Okawaru
  3940 | D:4      | 3940 ||| PLANNING D:1-11
  3941 | D:4      | 3941 ||| REMOVING amulet of guardian spirit.
  3954 | D:4      | Reached XP level 8. HP: 49/50 MP: 8/8
  3958 | D:4      | 3958 ||| DROPPING amulet of guardian spirit.
  4078 | D:4      | Noticed Duvessa
  4079 | D:4      | Noticed Dowan
  4091 | D:4      | Killed Dowan
  4096 | D:4      | HP: 12/50 [Duvessa/+1 short sword of venom (8)]
  4101 | D:4      | HP: 6/50 [Duvessa/+1 short sword of venom (8)]
  4101 | D:4      | Slain by Duvessa

Levels and vault maps discovered:
D:1:      onia_arrival_mini_maze, layout_loops_ring
D:2:      layout_loops_ring
D:3:      layout_loops_ring, nicolae_yredelemnul_corpse_copse,
          minmay_door_square
D:4:      layout_basic, trog_butcher_becter, nicolae_gozag_seed_capital,
          mainiacjoe_overflow_cross_hatched, gup_ossuary_entry_pyramid,
          gammafunk_ghost_nasty_kobolds, uniq_duvessa
D:5:      layout_basic, mainiacjoe_overflow_alcove_4,
          mainiacjoe_overflow_alcove_1, nzn_wu_jian_council_hall,
          ebering_ghost_rock_garden, minmay_crystal_room
D:6:      layout_cave_pods, mainiacjoe_overflow_surrounded_room,
          minmay_temple_entry_ruins, serial_glass, glass_columns_b,
          glass_columns_a, glass_columns_a, glass_columns_c, glass_columns_c,
          glass_columns_c, glass_columns_a, glass_columns_c, serial_shops, shop,
          gup_sewer_entry_spiral, kennysheep_generic_room_14,
          uniq_blork_the_orc, uniq_sigmund, uniq_eustachio

Skill      XL: |  1  2  3  4  5  6  7 |
---------------+----------------------+-----
Axes           | 2 3 4 5 6 7 |  7.5
Fighting       | 4 5 |  5.4
Dodging        | 1 |  1.0
Armour         | |  3.2
Shields        | |  3.2

Action                     |  1- 3 |  4- 6 |  7- 9 || total
---------------------------+-------+-------+-------++-------
  Melee: War axe           |    93 |   152 |   200 ||   445
    Use: Scroll            |     1 |     7 |     4 ||    12
         Potion            |       |     4 |     1 ||     5
 Armour: Scale mail        |    35 |    73 |       ||   108
         Chain mail        |       |     4 |    80 ||    84
  Dodge: Dodged            |    44 |    78 |    73 ||   195
  Block: Buckler           |    13 |    34 |    37 ||    84

Table legend:
 A = Non-vault XP
 B = Vault XP
 C = Vault XP percentage of total XP
 D = Non-vault monster count
 E = Vault monster count
 F = Vault count percentage of total count
                 A         B        C        D         E       F
            +---------+---------+-------+---------+---------+-------
      Total |     730 |     603 |  45.2 |      70 |      49 |  41.2
            +---------+---------+-------+---------+---------+-------
        D:1 |      38 |       1 |   2.6 |      21 |       1 |   4.5
        D:2 |      56 |       0 |   0.0 |      17 |       0 |   0.0
        D:3 |      63 |      41 |  39.4 |      20 |       3 |  13.0
        D:4 |     484 |      96 |  16.6 |       7 |       6 |  46.2
        D:5 |      89 |       0 |   0.0 |       5 |       0 |   0.0
    Ossuary |       0 |     465 | 100.0 |       0 |      39 | 100.0
            +---------+---------+-------+---------+---------+-------
